 Dungeon Sprint DCSS version 0.26-a0-660-gc07710193c (webtiles) character file.

Game seed: 2863010778582057098

3902 mhtbhm the Fencer (level 10, -6/91 HPs)
             Began as a Human Berserker on Oct 5, 2020.
             Was the Champion of Trog.
             Mangled by a komodo dragon (23 damage)
             ... in the Dungeon (Sprint IX: "|||||||||||||||||||||||||||||").
             The game lasted 00:01:28 (1045 turns).

mhtbhm the Fencer (Human Berserker)                 Turns: 1045, Time: 00:01:29

Health: -6/91      AC: 15    Str: 20    XL:     10   Next: 43%
Magic:  10/10      EV: 13    Int: 12    God:    Trog [******]
Gold:   0          SH:  0    Dex: 12    Spells: 9/9 levels left

rFire    . . .     SeeInvis .   a - +2 scimitar (holy)
rCold    . . .     Faith    .   (no shield)
rNeg     . . .     Spirit   .   b - +1 chain mail
rPois    .         Reflect  .   l - +0 helmet
rElec    .         Harm     .   m - +0 cloak
rCorr    .         Rampage  .   (no gloves)
MR       .....     NoTele   +   (no boots)
Stlth    ..........             (no amulet)
HPRegen  0.25/turn              n - +3 ring of intelligence
MPRegen  0.12/turn              o - +2 ring of evasion

@: berserk cooldown, slowed, very slow
A: no striking features
a: Berserk, Trog's Hand, Brothers in Arms, Renounce Religion


You were in the Dungeon.
You worshipped Trog.
Trog was exalted by your worship.
You visited 1 branch

Inventory:

Hand Weapons
 a - a +2 scimitar of holy wrath (weapon)
Armour
 b - a +1 chain mail (worn)
 l - a +0 helmet (worn)
 m - a +0 cloak (worn)
Jewellery
 n - a +3 ring of intelligence (left hand)
 o - a +2 ring of evasion (right hand)
Wands
 k - a wand of acid (9)
Scrolls
 h - 4 scrolls of blinking
 j - 3 scrolls of remove curse
 q - a scroll of fear
 r - a scroll of identify
 s - a scroll of fog
Potions
 c - 4 potions of curing
 d - 3 potions of heal wounds
 e - 2 potions of haste
 f - 4 potions of magic
 g - 2 potions of berserk rage
 i - a potion of invisibility
 p - 2 potions of might


   Skills:
 + Level 12.7 Fighting
 + Level 15.1 Long Blades
 + Level 10.4 Armour
 + Level 6.9 Dodging
 + Level 0.7 Stealth
 + Level 1.0 Evocations


You had 9 spell levels left.
You didn't know any spells.
Your spell library was empty.

Dungeon Overview and Level Annotations

Branches:
Dungeon (1/1)

Altars:
Cheibriados
Dithmenos
Elyvilon
Fedhas
Gozag
Hepliaklqana
Kikubaaqudgha
Makhleb
Nemelex Xobeh
Okawaru
Qazlal
Ru
Sif Muna
Trog
Uskayaw
Vehumet
Wu Jian
Xom
Yredelemnul
Zin
The Shining One
Beogh
Jiyva
Lugonu


Message History

The blink frog blinks!
The blink frog barely misses your deep troll.
A yak comes into view.
Your deep troll bites the blink frog!!
Your deep troll barely misses the blink frog.
Your deep troll completely misses the blink frog.
Your deep troll disappears in a puff of smoke!
The blink frog blinks!
A water moccasin comes into view.
Unknown command.
You hit the blink frog.
The blink frog is severely wounded.
The blink frog closely misses you.
Unknown command.
You miss the blink frog.
The blink frog is severely wounded.
The blink frog hits you!
* * * LOW HITPOINT WARNING * * *
The blink frog blinks!
The komodo dragon bites you!!
You die...

▓_▓.▓.▓
▓_▓.▓§▓
▓_▓.▓.▓
▓_▓.▓S▓
▓_▓.▓Y▓
▓_▓.▓F▓
▓_▓.▓†▓
▓_▓.▓l▓
▓_▓.▓@▓
▓_▓.▓F▓
▓_▓.▓.▓
▓_▓.▓.▓
▓_▓.▓.▓
▓_▓.▓.▓
▓_▓.▓.▓
▓_▓.▓†▓
▓_▓.▓†▓


You could see a komodo dragon, a yak, 2 blink frogs and a water moccasin.

Vanquished Creatures
  A centaur warrior (D)
  An ugly thing (D)
  3 cane toads (D)
  A komodo dragon (D)
  A troll (D)
  A hornet (D)
  A wyvern (D)
  A water moccasin (D)
  An ogre (D)
  A big kobold (D)
  3 bullfrogs (D)
  An iguana (D)
  An adder (D)
  A shadow imp (D)
  An ooze (D)
  A dart slug (D)
  3 orcs (D)
  A giant cockroach (D)
  A quokka (D)
  A leopard gecko zombie (D)
  3 rats (D)
29 creatures vanquished.

Vanquished Creatures (collateral kills)
  An elephant (D)
  A cane toad (D)
  A komodo dragon (D)
  A yak (D)
  A water moccasin (D)
5 creatures vanquished.

Grand Total: 34 creatures vanquished

Notes
Turn   | Place    | Note
-------+----------+-------------------------------------------
     0 | D        | mhtbhm the Human Berserker began the quest for the Orb.
     0 | D        | Reached XP level 1. HP: 18/18 MP: 1/1
    14 | D        | Reached ** piety under Trog
    20 | D        | Reached XP level 2. HP: 22/25 MP: 2/2
    50 | D        | Noticed an ogre
    52 | D        | Reached *** piety under Trog
    52 | D        | Reached skill level 4 in Long Blades
    61 | D        | Killed an ogre
    61 | D        | Reached skill level 6 in Long Blades
    61 | D        | Reached XP level 3. HP: 35/35 MP: 3/3
    61 | D        | Reached XP level 4. HP: 41/41 MP: 4/4
    61 | D        | Reached XP level 5. HP: 47/47 MP: 5/5
    62 | D        | Reached **** piety under Trog
    69 | D        | Found a roughly hewn altar of Beogh.
    69 | D        | Found a snail-covered altar of Cheibriados.
    69 | D        | Found a shadowy altar of Dithmenos.
    69 | D        | Found a white marble altar of Elyvilon.
    69 | D        | Found a blossoming altar of Fedhas.
    69 | D        | Found an opulent altar of Gozag.
    70 | D        | Found a hazy altar of Hepliaklqana.
    71 | D        | Found a viscous altar of Jiyva.
    72 | D        | Found an ancient bone altar of Kikubaaqudgha.
    73 | D        | Found a corrupted altar of Lugonu.
    74 | D        | Found a burning altar of Makhleb.
    75 | D        | Found a sparkling altar of Nemelex Xobeh.
    76 | D        | Found an iron altar of Okawaru.
    77 | D        | Found a stormy altar of Qazlal.
    78 | D        | Found a sacrificial altar of Ru.
    79 | D        | Found a shimmering blue altar of Sif Muna.
    80 | D        | Found a bloodstained altar of Trog.
    81 | D        | Found a hide-covered altar of Uskayaw.
    82 | D        | Found a radiant altar of Vehumet.
    83 | D        | Found an ornate altar of the Wu Jian Council.
    84 | D        | Found a shimmering altar of Xom.
    85 | D        | Found a basalt altar of Yredelemnul.
    86 | D        | Found a glowing silver altar of Zin.
    87 | D        | Found a glowing golden altar of the Shining One.
   248 | D        | Noticed a big kobold
   248 | D        | Noticed a hornet
   254 | D        | Paralysed by a hornet for 3 turns
   263 | D        | Killed a hornet
   263 | D        | Reached skill level 9 in Long Blades
   263 | D        | Reached XP level 6. HP: 40/57 MP: 6/6
   271 | D        | Reached skill level 5 in Armour
   271 | D        | Reached XP level 7. HP: 20/64 MP: 7/7
   283 | D        | Reached ***** piety under Trog
   556 | D        | Noticed a centaur warrior
   556 | D        | Noticed a komodo dragon
   556 | D        | Noticed a green ugly thing
   556 | D        | Noticed a wyvern
   556 | D        | Noticed a troll
   564 | D        | Killed a troll
   564 | D        | Reached skill level 10 in Long Blades
   564 | D        | Reached skill level 5 in Dodging
   571 | D        | Killed a green ugly thing
   571 | D        | Reached skill level 10 in Fighting
   571 | D        | Reached skill level 11 in Long Blades
   571 | D        | Reached XP level 8. HP: 67/73 MP: 8/8
   573 | D        | Killed a wyvern
   573 | D        | Reached skill level 12 in Long Blades
   578 | D        | Killed a komodo dragon
   578 | D        | Reached XP level 9. HP: 27/81 MP: 9/9
   590 | D        | Killed a centaur warrior
   590 | D        | Reached skill level 13 in Long Blades
   987 | D        | Noticed a cane toad
   987 | D        | Noticed a cane toad
   987 | D        | Noticed a cane toad
   994 | D        | Killed a cane toad
   998 | D        | Noticed a cane toad
  1001 | D        | Killed a cane toad
  1001 | D        | Reached skill level 14 in Long Blades
  1005 | D        | Killed a cane toad
  1005 | D        | Reached ****** piety under Trog
  1005 | D        | Reached XP level 10. HP: 33/89 MP: 10/10
  1010 | D        | Received a gift from Trog
  1013 | D        | Reached skill level 10 in Armour
  1021 | D        | Killed a cane toad
  1037 | D        | Noticed a komodo dragon
  1037 | D        | Noticed an elephant
  1037 | D        | Noticed a komodo dragon
  1038 | D        | Killed a komodo dragon
  1038 | D        | Reached skill level 1 in Evocations
  1040 | D        | Killed an elephant
  1040 | D        | Reached skill level 15 in Long Blades
  1041 | D        | Received a gift from Trog
  1045 | D        | Mangled by a komodo dragon

Illustrated notes

Levels and vault maps discovered:
D:        linesprint [early_d, line_temple, items_1, d_10, items_2, lair_1,
          lair_end, items_3, orc_1, orc_end, items_4, d_15, swamp_1, shoals_1,
          snake_1, spider_1, d_20, vaults_1, items_5, swamp_end, shoals_end,
          snake_end, spider_end, vaults_end, d_27, items_6, zot_1, zot_end,
          crypt_end, forest_end, elf_end, slime_end, tomb_end, abyss_end,
          pan_hell_end]

Skill      XL: |  1  2  3  4  5  6  7  8  9 10 |
---------------+-------------------------------+-----
Fighting       | 6 8 9 10 11 12 | 12.7
Long Blades    | 6 9 11 12 14 15 | 15.1
Armour         | 3 4 5 6 7 9 10 | 10.4
Dodging        | 3 4 5 6 |  6.9
Evocations     | 1 |  1.0
Stealth        | |  0.7

Action                   |  1- 3 |  4- 6 |  7- 9 | 10-12 || total
-------------------------+-------+-------+-------+-------++-------
Melee: Falchion          |    25 |     1 |       |       ||    26
       Scimitar          |       |    19 |    59 |    15 ||    93
Invok: Berserk           |     1 |     1 |     2 |       ||     4
       Brothers in Arms  |       |       |       |     1 ||     1
Evoke: Wand              |       |       |     1 |       ||     1
  Use: Potion            |       |       |     2 |     1 ||     3
Armor: Animal skin       |     3 |       |       |       ||     3
       Chain mail        |       |    10 |    17 |     2 ||    29
Dodge: Dodged            |    13 |     9 |    33 |     9 ||    64
       Rpst.: Falchion   |     8 |     1 |       |       ||     9
       Scimitar          |       |     1 |     6 |     3 ||    10

Table legend: (Time is in decaauts)
 A = Elapsed time spent in this place.
 B = Non-inter-level travel time spent in this place.
 C = Inter-level travel time spent in this place.
 D = Time resting spent in this place.
 E = Time spent auto-exploring this place.
 F = Levels seen in this place.
 G = Mean time per level.
                   A        B        C        D        E       F      G
               +--------+--------+--------+--------+--------+-----+--------+
         Total |   1063 |   1063 |      0 |    386 |    359 |   1 | 1063.0 |
       Dungeon |   1063 |   1063 |      0 |    386 |    359 |   1 | 1063.0 |
               +--------+--------+--------+--------+--------+-----+--------+

Top non-repeatable levels by time:
       D: 1063 daAuts
